 Dungeon Crawl Stone Soup version 0.28.0 (webtiles) character file.

Game seed: 5971630363926654749

169 hikkokomori the Covered (level 5, -7/47 HPs)
             Began as a Minotaur Fighter on Feb 6, 2022.
             Killed by divine providence
             ... invoked by an orc priest
              (12 damage)
             ... on level 3 of the Dungeon.
             The game lasted 00:03:15 (2572 turns).

hikkokomori the Covered (Minotaur Fighter)          Turns: 2572, Time: 00:03:16

Health: -7/47      AC: 15    Str: 23    XL:     5   Next: 25%
Magic:  4/4        EV:  3    Int:  5    God:
Gold:   84         SH:  4    Dex:  9    Spells: 4/4 levels left

rFire   . . .      SeeInvis .   a - +0 war axe
rCold   + . .      Faith    .   c - +0 buckler
rNeg    . . .      Spirit   .   k - +1 plate armour {rC+}
rPois   .          Reflect  .   (helmet restricted)
rElec   .          Harm     .   o - +1 cloak
rCorr   .          Rampage  .   (no gloves)
Will    .....                   (no boots)
Stlth   ..........              (no amulet)
HPRegen 0.15/turn               (no ring)
MPRegen 0.09/turn               (no ring)

@: constricted
A: horns 2, retaliatory headbutt
a: no special abilities


You were on level 3 of the Dungeon.
You visited 1 branch of the dungeon, and saw 3 of its levels.

You collected 84 gold pieces.

Inventory:

Hand Weapons
 a - a +0 war axe (weapon)
Missiles
 j - a throwing net (quivered)
Armour
 b - a +0 scale mail
 c - a +0 buckler (worn)
 k - a +1 plate armour of cold resistance (worn)
 o - a +1 cloak (worn)
Scrolls
 e - a scroll of enchant weapon {unknown}
 g - a scroll of blinking {unknown}
 i - 5 scrolls of identify {unknown}
 l - a scroll of teleportation {unknown}
 n - a scroll of fear {unknown}
Potions
 d - a potion of might
 f - a potion of attraction
 h - a potion of brilliance {unknown}
 m - a potion of degeneration {unknown}


   Skills:
 + Level 4.7 Fighting
 + Level 3.9 Axes
 + Level 4.8 Armour
 + Level 4.8 Shields


You had 4 spell levels left.
You didn't know any spells.
Your spell library contained the following spells:

 Spells                   Type           Power      Damage    Failure   Level
 Static Discharge         Conj/Air       0%         N/A       100%        2
 Lightning Bolt           Conj/Air       0%         1d11      100%        5
 Maxwell's Capacitive Co  Air            0%         ∞         100%        8


Dungeon Overview and Level Annotations

Branches:
Dungeon (3/15)

Altars:

Shops:
D:1 !


Innate Abilities, Weirdness & Mutations

You have a pair of horns on your head.
You reflexively headbutt those who attack you in melee.


Message History

Unknown command.
You completely miss the orc priest. You barely miss the ball python.
The ball python bites you but does no damage.
The ball python closely misses you. You block the orc priest's attack.
The ball python bites you but does no damage.
The ball python grabs you. The ball python constricts you.
Unknown command.
Okay, then.
You slash the orc!
You kill the orc!
You closely miss the ball python.
The ball python bites you but does no damage.
The ball python constricts you.
Unknown command.
You closely miss the ball python. You barely miss the rat.
The ball python bites you but does no damage.
The ball python constricts you. The rat barely misses you.
You block the ball python's attack. The ball python constricts you.
Unknown command.
You closely miss the ball python. You hit the rat but do no damage.
The rat bites you.
The ball python bites you but does no damage.
The ball python constricts you. You block the rat's attack.
The ball python bites you but does no damage.
The ball python constricts you.
Unknown command.
You closely miss the ball python. You hit the rat. The ball python bites you.
The ball python constricts you. The rat barely misses you.
The orc priest mumbles some strange prayers to Beogh against you.
Beogh smites you!
* * * LOW HITPOINT WARNING * * *
Unknown command.
You hit the ball python.
The ball python is severely wounded.
You closely miss the rat. The ball python bites you.
* * * LOW HITPOINT WARNING * * *
The ball python constricts you. The rat completely misses you.
The orc priest invokes the aid of Beogh against you.
Beogh smites you!
You die...

... #...###........#...
#.⌠.#######...###....####
#...#.....#.#.##..##.#
##>##..........#.## .#
.###.............## .#
..........#..##...# ..
.?......##.......... ...
#....##.####.........
#...@So.# .##......
.....####ro.###.###.....#
... #o......... .. .
#..#...#### ###.#!...#
#........# #.†..........
#..S....##..###
....o.##.## #.#


You could see 2 orc priests, an orc, a ball python and a rat.

Vanquished Creatures
  An orc priest (D:3)
  Natasha (D:2)
  An orc wizard (D:3)
  2 adders
  3 worms (D:2)
  A dart slug (D:2)
  8 orcs (D:3)
  3 ball pythons
  2 endoplasms
  4 giant cockroaches
  3 goblins
  5 hobgoblins
  5 jackals
  A quokka (D:1)
  4 bats
  2 frilled lizards
  4 kobolds
  3 rats
53 creatures vanquished.

Notes
Turn   | Place    | Note
-------+----------+-------------------------------------------
     0 | D:1      | hikkokomori the Minotaur Fighter began the quest for the
                  | Orb.
     0 | D:1      | Reached XP level 1. HP: 19/19 MP: 0/0
   281 | D:1      | Reached XP level 2. HP: 27/27 MP: 1/1
   611 | D:1      | Found Ruave's Distillery.
  1248 | D:2      | Found a faded altar of an unknown god.
  1260 | D:2      | Reached XP level 3. HP: 17/33 MP: 2/2
  1581 | D:2      | You fall into a shaft and drop 1 floor!
  1609 | D:2      | Noticed Natasha
  1614 | D:2      | Killed Natasha
  1615 | D:2      | Reached XP level 4. HP: 30/41 MP: 3/3
  2337 | D:3      | Reached XP level 5. HP: 23/47 MP: 4/4
  2572 | D:3      | Killed from afar by an orc priest

Illustrated notes

Levels and vault maps discovered:
D:1:      kilobyte_arrival_exit_the_forest, layout_basic, serial_shops,
          nicolae_shop_window_shopping
D:2:      layout_loops_ring, hellmonk_ecumenical_altar_heavens_door,
          uniq_natasha
D:3:      layout_rooms, grunt_ministairs_4, kennysheep_generic_room_12

Skill      XL: |  1  2 |
---------------+-------+-----
Armour         | 4 |  4.8
Fighting       | 4 |  4.7
Shields        | 4 |  4.8
Axes           | 3 |  3.9

Action                   |  1- 3 |  4- 6 || total
-------------------------+-------+-------++-------
Melee: War axe           |    55 |    43 ||    98
       Headbutt          |     9 |     3 ||    12
  Use: Potion            |     1 |       ||     1
Armor: Scale mail        |     6 |       ||     6
       Plate armour      |    16 |    43 ||    59
Dodge: Dodged            |    19 |    22 ||    41
Block: Buckler           |    16 |     9 ||    25
